TOP OF THE 1ST |
Boston Rebels batting - Pitching for Baffin Island Beavers : LHP Jaime Guzmán
|
Pitching: LHP Jaime Guzmán
|
|
Batting: LHB Doyle Otterburn
|
0-0: Ball 1-0: Foul Ball, location: 2F 1-1: Ground out U3 (Groundball, 3)
|
Batting: RHB Ronnie Brown
|
0-0: Ball 1-0: Foul Ball, location: 2F 1-1: Fly out, F2 (Popup, 2RF)
|
Batting: LHB Stanley Mullins
|
0-0: Ball 1-0: Ball 2-0: SINGLE (Groundball, 6MD)
|
Batting: LHB Lorenzo Flores
|
0-0: Called Strike 0-1: Called Strike 0-2: Ball 1-2: Strikes out swinging
|
Top of the 1st over - 0 run(s), 1 hit(s), 0 error(s), 1 left on base; Boston 0 - Baffin Island 0 |
BOTTOM OF THE 1ST |
Baffin Island Beavers batting - Pitching for Boston Rebels : LHP Luis Valentín
|
Pitching: LHP Luis Valentín
|
|
Batting: RHB Dave Craig
|
0-0: Ball 1-0: Ball 2-0: Ball 3-0: Called Strike 3-1: Base on Balls
|
Batting: RHB Mario López
|
0-0: Ball 1-0: Ball 2-0: Called Strike 2-1: DOUBLE (Line Drive, 5D) Dave Craig to third
|
Batting: SHB Alonso Ferreira
|
0-0: Ball 1-0: Ball 2-0: SINGLE (Groundball, 6D) Dave Craig scores Mario López to third
|
Batting: RHB Tony Morton
|
0-0: Fielders Choice at 2nd, 2-6 (Groundball, 2L)
|
Batting: LHB Chris Bates
|
0-0: Called Strike 0-1: Called Strike Tony Morton steals 2nd base 0-2: Strikes out swinging
|
Batting: LHB Lorenzo Villa
|
0-0: Ground out 4-3 (Groundball, 4S)
|
Bottom of the 1st over - 1 run(s), 2 hit(s), 0 error(s), 2 left on base; Boston 0 - Baffin Island 1 |
TOP OF THE 2ND |
Boston Rebels batting - Pitching for Baffin Island Beavers : LHP Jaime Guzmán
|
Batting: SHB Javier Villegas
|
0-0: Foul Ball, location: 2F 0-1: Swinging Strike 0-2: Ball 1-2: Ground out 4-3 (Groundball, 4M)
|
Batting: RHB Salvador Gonzáles
|
0-0: Fly out, F7 (Flyball, 7M)
|
Batting: LHB Tony Ramírez
|
0-0: Foul Ball, location: 2F 0-1: Ball 1-1: Foul Ball, location: 2F 1-2: Ball 2-2: DOUBLE (Flyball, 89M)
|
Batting: LHB Jeff Gordon
|
0-0: Ball 1-0: Foul Ball, location: 2F 1-1: Foul Ball, location: 2F 1-2: Strikes out looking
|
Top of the 2nd over - 0 run(s), 1 hit(s), 0 error(s), 1 left on base; Boston 0 - Baffin Island 1 |
BOTTOM OF THE 2ND |
Baffin Island Beavers batting - Pitching for Boston Rebels : LHP Luis Valentín
|
Batting: LHB Keng-chi Lao
|
0-0: Swinging Strike 0-1: Ball 1-1: Swinging Strike 1-2: Ball 2-2: Strikes out swinging
|
Batting: RHB Luis González
|
0-0: Ball 1-0: SINGLE (Line Drive, 9LM)
|
Batting: LHB Mario García
|
0-0: Called Strike 0-1: Ball 1-1: Fly out, F7 (Flyball, 78D)
|
Batting: RHB Dave Craig
|
0-0: Called Strike 0-1: Reached on error, E5 (Groundball, 5S) Luis González to third
|
Batting: RHB Mario López
|
0-0: Ball 1-0: Ball 2-0: Fly out, F7 (Flyball, 7D)
|
Bottom of the 2nd over - 0 run(s), 1 hit(s), 1 error(s), 2 left on base; Boston 0 - Baffin Island 1 |
TOP OF THE 3RD |
Boston Rebels batting - Pitching for Baffin Island Beavers : LHP Jaime Guzmán
|
Batting: RHB Rubén Matos
|
0-0: Ground out 4-3 (Groundball, 4M)
|
Batting: LHB Doyle Otterburn
|
0-0: Called Strike 0-1: Ball 1-1: Foul Ball, location: 2F 1-2: Ball 2-2: Ball 3-2: Base on Balls
|
Batting: RHB Ronnie Brown
|
0-0: Ball 1-0: Called Strike 1-1: Ball 2-1: Reached on error, E1 (Groundball, 13) Doyle Otterburn to second
|
Batting: LHB Stanley Mullins
|
0-0: Ball 1-0: Foul Ball, location: 2F 1-1: Ball 2-1: Swinging Strike 2-2: Ball 3-2: Ground out 3-1 (Groundball, 34S) Doyle Otterburn to third Ronnie Brown to second
|
Batting: LHB Lorenzo Flores
|
0-0: Ball 1-0: Ball 2-0: Fly out, F2 (Popup, 2LF)
|
Top of the 3rd over - 0 run(s), 0 hit(s), 1 error(s), 2 left on base; Boston 0 - Baffin Island 1 |
BOTTOM OF THE 3RD |
Baffin Island Beavers batting - Pitching for Boston Rebels : LHP Luis Valentín
|
Batting: SHB Alonso Ferreira
|
0-0: Called Strike 0-1: Ball 1-1: Ball 2-1: SINGLE (Groundball, 56)
|
Batting: RHB Tony Morton
|
0-0: Swinging Strike 0-1: Ball 1-1: Foul Ball, location: 2F 1-2: Strikes out swinging
|
Batting: LHB Chris Bates
|
0-0: Called Strike 0-1: Swinging Strike 0-2: Ball 1-2: Ball 2-2: Foul Ball, location: 2F 2-2: Foul Ball, location: 2F 2-2: Foul Ball, location: 2F 2-2: Ball 3-2: Base on Balls Alonso Ferreira to second
|
Batting: LHB Lorenzo Villa
|
0-0: Ball 1-0: Foul Ball, location: 2F 1-1: Ball 2-1: Fly out, F2 (Popup, 2RF)
|
Batting: LHB Keng-chi Lao
|
0-0: Fly out, F2 (Popup, 23F)
|
Bottom of the 3rd over - 0 run(s), 1 hit(s), 0 error(s), 2 left on base; Boston 0 - Baffin Island 1 |
TOP OF THE 4TH |
Boston Rebels batting - Pitching for Baffin Island Beavers : LHP Jaime Guzmán
|
Batting: SHB Javier Villegas
|
0-0: Swinging Strike 0-1: Ball 1-1: Foul Ball, location: 2F 1-2: Ground out 6-3 (Groundball, 6M)
|
Batting: RHB Salvador Gonzáles
|
0-0: Called Strike 0-1: Ball 1-1: Foul Ball, location: 2F 1-2: Strikes out swinging
|
Batting: LHB Tony Ramírez
|
0-0: Foul Ball, location: 2F 0-1: Ground out U3 (Groundball, 3L)
|
Top of the 4th over - 0 run(s), 0 hit(s), 0 error(s), 0 left on base; Boston 0 - Baffin Island 1 |
BOTTOM OF THE 4TH |
Baffin Island Beavers batting - Pitching for Boston Rebels : LHP Luis Valentín
|
Batting: RHB Luis González
|
0-0: Ball 1-0: Ball 2-0: Fly out, F7 (Flyball, 7M)
|
Batting: LHB Mario García
|
0-0: Ball 1-0: Ball 2-0: Ball 3-0: Base on Balls
|
Batting: RHB Dave Craig
|
0-0: Ball 1-0: Ball 2-0: Called Strike 2-1: Ball 3-1: Fly out, F8 (Flyball, 8RS)
|
Batting: RHB Mario López
|
0-0: Ball 1-0: Swinging Strike 1-1: Ball 2-1: SINGLE (Groundball, 6M) Mario García to second
|
Batting: SHB Alonso Ferreira
|
0-0: Called Strike 0-1: Ball 1-1: Fly out, F3 (Popup, 34S)
|
Bottom of the 4th over - 0 run(s), 1 hit(s), 0 error(s), 2 left on base; Boston 0 - Baffin Island 1 |
TOP OF THE 5TH |
Boston Rebels batting - Pitching for Baffin Island Beavers : LHP Jaime Guzmán
|
Batting: LHB Jeff Gordon
|
0-0: Ball 1-0: Ball 2-0: Called Strike 2-1: Ground out U3 (Groundball, 3L)
|
Batting: RHB Rubén Matos
|
0-0: Ball 1-0: Swinging Strike 1-1: Ball 2-1: Ball 3-1: SINGLE (Line Drive, 9S)
|
Batting: LHB Doyle Otterburn
|
0-0: Called Strike 0-1: Ball 1-1: Ball 2-1: Called Strike 2-2: Ball 3-2: Fly out, F5 (Popup, 5SF)
|
Batting: RHB Ronnie Brown
|
0-0: Called Strike 0-1: Ball 1-1: Ball 2-1: Swinging Strike 2-2: Strikes out swinging
|
Top of the 5th over - 0 run(s), 1 hit(s), 0 error(s), 1 left on base; Boston 0 - Baffin Island 1 |
BOTTOM OF THE 5TH |
Baffin Island Beavers batting - Pitching for Boston Rebels : LHP Luis Valentín
|
Batting: RHB Tony Morton
|
0-0: Foul Ball, location: 2F 0-1: Ball 1-1: Fly out, F3 (Popup, 3L)
|
Batting: LHB Chris Bates
|
0-0: Foul Ball, location: 2F 0-1: Ball 1-1: SINGLE (Groundball, 4MD)
|
Batting: LHB Lorenzo Villa
|
0-0: Ball 1-0: Grounds into double play, 4-6-3 (Groundball, 4)
|
Bottom of the 5th over - 0 run(s), 1 hit(s), 0 error(s), 0 left on base; Boston 0 - Baffin Island 1 |
TOP OF THE 6TH |
Boston Rebels batting - Pitching for Baffin Island Beavers : LHP Jaime Guzmán
|
Batting: LHB Stanley Mullins
|
0-0: Fly out, F5 (Popup, 7LSF)
|
Batting: LHB Lorenzo Flores
|
0-0: SINGLE (Line Drive, 6D)
|
Batting: SHB Javier Villegas
|
0-0: Swinging Strike 0-1: Ball 1-1: Foul Ball, location: 2F 1-2: Ball 2-2: Foul Ball, location: 2F 2-2: Strikes out looking
|
Batting: RHB Salvador Gonzáles
|
0-0: Ball 1-0: Foul Ball, location: 2F 1-1: Swinging Strike 1-2: Ball 2-2: Ground out 1-3 (Groundball, 15)
|
Top of the 6th over - 0 run(s), 1 hit(s), 0 error(s), 1 left on base; Boston 0 - Baffin Island 1 |
BOTTOM OF THE 6TH |
Baffin Island Beavers batting - Pitching for Boston Rebels : LHP Luis Valentín
|
Batting: LHB Keng-chi Lao
|
0-0: Fly out, F9 (Line Drive, 9S)
|
Batting: RHB Luis González
|
0-0: SINGLE (Line Drive, 6MD)
|
Batting: LHB Mario García
|
0-0: Called Strike 0-1: Ball 1-1: Ball 2-1: Foul Ball, location: 2F 2-2: SINGLE (Groundball, 34D) Luis González to second Runner from 2nd tries for 3rd, OUT! Mario García to second
|
Batting: RHB Dave Craig
|
0-0: Ground out 4-3 (Groundball, 4)
|
Bottom of the 6th over - 0 run(s), 2 hit(s), 0 error(s), 1 left on base; Boston 0 - Baffin Island 1 |
TOP OF THE 7TH |
Boston Rebels batting - Pitching for Baffin Island Beavers : LHP Jaime Guzmán
|
Batting: LHB Tony Ramírez
|
0-0: Ball 1-0: Ball 2-0: Ground out 5-3 (Groundball, 56S)
|
Batting: LHB Jeff Gordon
|
0-0: Ball 1-0: Called Strike 1-1: Swinging Strike 1-2: Foul Ball, location: 2F 1-2: Foul Ball, location: 2F 1-2: Foul Ball, location: 2F 1-2: Fly out, F7 (Flyball, 78D)
|
Batting: RHB Rubén Matos
|
0-0: Called Strike 0-1: Ground out 6-3 (Groundball, 6)
|
Top of the 7th over - 0 run(s), 0 hit(s), 0 error(s), 0 left on base; Boston 0 - Baffin Island 1 |
BOTTOM OF THE 7TH |
Baffin Island Beavers batting - Pitching for Boston Rebels : LHP Luis Valentín
|
Pitching: RHP Carlos Ruíz
|
|
Batting: RHB Mario López
|
0-0: Ball 1-0: Ball 2-0: Foul Ball, location: 2F 2-1: Fly out, F9 (Flyball, 9LMF)
|
Batting: SHB Alonso Ferreira
|
0-0: Swinging Strike 0-1: Foul Ball, location: 2F 0-2: Ball 1-2: Fly out, F9 (Flyball, 89M)
|
Batting: RHB Tony Morton
|
0-0: Called Strike 0-1: Ball 1-1: Foul Ball, location: 2F 1-2: Ball 2-2: Ground out 6-3 (Groundball, 6M)
|
Bottom of the 7th over - 0 run(s), 0 hit(s), 0 error(s), 0 left on base; Boston 0 - Baffin Island 1 |
TOP OF THE 8TH |
Boston Rebels batting - Pitching for Baffin Island Beavers : LHP Jaime Guzmán
|
Pitching: RHP Bartolo García
|
|
Batting: LHB Doyle Otterburn
|
0-0: Ball 1-0: SINGLE (Flyball, 89S)
|
Pinch Runner at 1st Roberto Chávez:
|
|
Batting: RHB Ronnie Brown
|
0-0: Called Strike 0-1: Called Strike 0-2: Ball 1-2: Fly out, F7 (Line Drive, 7M)
|
Pitching: LHP José Bamuelos
|
|
Batting: LHB Stanley Mullins
|
0-0: Ball 1-0: Ball 2-0: Ball 3-0: Base on Balls Roberto Chávez to second
|
Pitching: LHP Manuel Parra
|
|
Batting: LHB Lorenzo Flores
|
0-0: Ball 1-0: Called Strike 1-1: Swinging Strike 1-2: Foul Ball, location: 2F 1-2: Ball 2-2: Strikes out swinging
|
Batting: SHB Javier Villegas
|
0-0: Ball 1-0: Foul Ball, location: 2F 1-1: Ball 2-1: DOUBLE (Line Drive, 5L) Roberto Chávez scores Stanley Mullins to third
|
Pitching: RHP António Ramos
|
|
Batting: RHB Salvador Gonzáles
|
0-0: Called Strike 0-1: Ball 1-1: Ball 2-1: Foul Ball, location: 2F 2-2: Strikes out looking
|
Top of the 8th over - 1 run(s), 2 hit(s), 0 error(s), 2 left on base; Boston 1 - Baffin Island 1 |
BOTTOM OF THE 8TH |
Baffin Island Beavers batting - Pitching for Boston Rebels : RHP Carlos Ruíz
|
Now at 2B: Roberto Chávez
|
|
Batting: LHB Chris Bates
|
0-0: Ball 1-0: Ball 2-0: Called Strike 2-1: Foul Ball, location: 2F 2-2: Ball 3-2: Reached on error, E4 (Groundball, 34)
|
Batting: LHB Lorenzo Villa
|
0-0: Fly out, F3 (Popup, 3S)
|
Batting: LHB Keng-chi Lao
|
0-0: Ball 1-0: Foul Ball, location: 2F 1-1: Called Strike 1-2: Ball 2-2: DOUBLE (Line Drive, 4D) Chris Bates to third
|
Batting: RHB Luis González
|
0-0: Called Strike 0-1: Foul Ball, location: 2F 0-2: SINGLE (Line Drive, 5D) Chris Bates scores Keng-chi Lao to third
|
Batting: LHB Mario García
|
0-0: Ball 1-0: Fly out, F9 (Flyball, 89XD) Runner from 3rd tags up, SCORES, no throw
|
Batting: RHB Dave Craig
|
0-0: Ball 1-0: Ball 2-0: Foul Ball, location: 2F 2-1: Fly out, F9 (Flyball, 89D)
|
Bottom of the 8th over - 2 run(s), 2 hit(s), 1 error(s), 1 left on base; Boston 1 - Baffin Island 3 |
TOP OF THE 9TH |
Boston Rebels batting - Pitching for Baffin Island Beavers : RHP António Ramos
|
Pitching: LHP Edgardo Guzmán
|
|
Batting: LHB Tony Ramírez
|
0-0: Called Strike 0-1: Fly out, F5 (Line Drive, 5)
|
Batting: LHB Jeff Gordon
|
0-0: Swinging Strike 0-1: Ball 1-1: Foul Ball, location: 2F 1-2: Strikes out swinging
|
Batting: RHB Rubén Matos
|
0-0: Ball 1-0: Ball 2-0: DOUBLE (Line Drive, 9LS)
|
Batting: RHB Roberto Chávez
|
0-0: Called Strike 0-1: Called Strike 0-2: Ball 1-2: Foul Ball, location: 2F 1-2: Foul Ball, location: 2F 1-2: Strikes out swinging
|
Top of the 9th over - 0 run(s), 1 hit(s), 0 error(s), 1 left on base; Boston 1 - Baffin Island 3 |
|